 Seeded DCSS version 0.28-a0-511-gcc94558de3 (webtiles) character file.

Game seed: 20210921 (custom seed)

615 Gmanzz2004 the Chopper (level 7, -14/61 HPs)
             Began as a Hill Orc Fighter on Sept 21, 2021.
             Killed from afar by an orc wizard (15 damage)
             ... with a puff of flame
             ... on level 5 of the Dungeon.
             The game lasted 00:18:26 (4076 turns).

Gmanzz2004 the Chopper (Hill Orc Fighter)           Turns: 4076, Time: 00:18:27

Health: -14/61     AC:  7    Str: 21    XL:     7   Next: 45%
Magic:  7/7        EV:  9    Int:  8    God:
Gold:   213        SH: 14    Dex: 10    Spells: 6/6 levels left

rFire   . . .      SeeInvis .   a - +0 war axe
rCold   . . .      Faith    .   n - +1 kite shield
rNeg    . . .      Spirit   .   q - +3 leather armour {rPois}
rPois   +          Reflect  +   i - +0 helmet
rElec   .          Harm     .   (no cloak)
rCorr   .          Rampage  .   (no gloves)
Will    .....                   (no boots)
Stlth   +.........              c - amulet of reflection
HPRegen 0.20/turn               (no ring)
MPRegen 0.10/turn               (no ring)

@: attractive
A: no striking features
a: no special abilities


You were on level 5 of the Dungeon.
You visited 1 branch of the dungeon, and saw 6 of its levels.

You collected 213 gold pieces.

Inventory:

Hand Weapons
 a - a +0 war axe (weapon)
 g - a +2 short sword of flaming
 p - a +0 spear
 s - a +0 quarterstaff
 y - a +3 dagger of venom
Missiles
 e - 90 stones (quivered)
 j - 23 poisoned darts
 l - 24 bolts
 u - 3 boomerangs
Armour
 i - a +0 helmet (worn)
 n - a +1 kite shield (worn)
 q - a +3 leather armour of poison resistance (worn)
Jewellery
 c - an amulet of reflection (around neck)
 h - an amulet of regeneration
 w - an amulet of faith
Scrolls
 k - a scroll of amnesia
 r - a scroll of vulnerability
 t - 4 scrolls of teleportation
 x - a scroll of fear {unknown}
Potions
 b - a potion of attraction
 d - a potion of might
 f - a potion of invisibility {unknown}
 m - a potion of haste
 o - 2 potions of lignification {unknown}
 v - 3 potions of magic


   Skills:
 + Level 5.0 Fighting
 + Level 7.4 Axes
 + Level 4.7 Armour
 + Level 1.1 Dodging
 + Level 5.0 Shields


You had 6 spell levels left.
You didn't know any spells.
Your spell library contained the following spells:

 Spells                   Type           Power      Damage    Failure   Level
 Corpse Rot               Necr/Air       N/A        N/A       95%         2
 Poisonous Vapours        Pois/Air       0%         N/A       95%         2
 Conjure Ball Lightning   Conj/Air       0%         3x3d6     100%        6
 Discord                  Hex            0%         N/A       100%        8
 Disjunction              Tloc           0%         N/A       100%        8


Dungeon Overview and Level Annotations

Branches:
Dungeon (6/15)
 Temple: D:4-7

Altars:
Trog
Xom
Yredelemnul


Message History

You block something's attack.
Your Fighting skill increases to level 5!
You closely miss the orc wizard.
The orc wizard is severely wounded.
You hit something.
You feel sick. The orc wizard barely misses you.
Something hits you but does no damage.
The orc wizard hits you but does no damage.
You slash the orc wizard!
You kill the orc wizard!
You miss something.
You feel sick.
You hear some strange, mumbled words.
Something tries to affect you, but you resist.
Your Shields skill increases to level 5!
You feel sick. Something hits you but does no damage.
Things that are here:
a +3 dagger of venom; a +0 robe
y - a +3 dagger of venom You feel sick.
Something hits you but does no damage.
There is a strange disturbance nearby!
There is a strange disturbance nearby!
There is a strange disturbance nearby!
There is a strange disturbance nearby!
You feel sick.
You are no longer poisoned.
Something hits you.
* * * LOW HITPOINT WARNING * * *
You closely miss something. Something hits you.
* * * LOW HITPOINT WARNING * * *
Something hits you.
* * * LOW HITPOINT WARNING * * *
There is a stone staircase leading down, spattered with blood here.
A magic dart appears from out of thin air!
The magic dart hits you.
* * * LOW HITPOINT WARNING * * *
It was a potion of attraction.
You feel attractive to monsters.
You hear some strange, mumbled words.
A puff of flame appears from out of thin air!
The puff of flame hits you!
You die...

#.##.....###.....###.....##..##o.
#..#######.........#######.......
#...................... ...##.o.
#######.####.#.......## #.###...
####..# #.......#...#. ##..
#.....###....[..##.... #...
#..#...#......{)....# #...
###..#...#............## #...
.##.............@......# ........
..#.....#.##..#..#.....# ........
..>...#..###.##......... ........
......#...... #......#.. ........
..#.#........ ....)..... ........
..###...####...........# ........
...#<##.# ........### ........
.........# #......... .....#.#...


There were no monsters in sight!

Vanquished Creatures
  A necrophage (D:4)
  A phantom (D:5)
  A jelly (D:4)
  A howler monkey (D:4)
  A crimson imp (D:5)
  A bullfrog zombie (D:5)
  A hound (D:4)
  An orc priest (D:5)
  2 iguanas
  An orc wizard (D:5)
  2 hound skeletons
  Robin (D:2)
  3 adders
  A howler monkey skeleton (D:4)
  2 white imps
  2 worms (D:2)
  3 dart slugs
  4 orcs
  4 ball pythons
  4 endoplasms
  7 giant cockroaches
  12 goblins
  10 hobgoblins
  9 kobolds
  3 quokkas
  5 bats
  5 frilled lizards
  6 rats
94 creatures vanquished.

Vanquished Creatures (others)
  A kobold (D:4)
  2 plants (D:1)
3 creatures vanquished.

Grand Total: 97 creatures vanquished

Notes
Turn   | Place    | Note
-------+----------+-------------------------------------------
     0 | D:1      | Gmanzz2004 the Hill Orc Fighter began the quest for the
                  | Orb.
     0 | D:1      | Reached XP level 1. HP: 19/19 MP: 1/1
   221 | D:1      | Reached XP level 2. HP: 27/27 MP: 2/2
   308 | D:1      | Reached skill level 3 in Axes
   681 | D:1      | Reached XP level 3. HP: 28/33 MP: 3/3
   934 | D:2      | Found a faded altar of an unknown god.
   967 | D:2      | Noticed Robin
   989 | D:2      | Reached XP level 4. HP: 28/40 MP: 4/4
   994 | D:2      | Killed Robin
  1092 | D:2      | Reached skill level 4 in Axes
  2246 | D:3      | Found a radiant altar of Vehumet.
  2251 | D:3      | Found a basalt altar of Yredelemnul.
  2251 | D:3      | Found a bloodstained altar of Trog.
  2253 | D:3      | Found a shimmering altar of Xom.
  2253 | D:3      | Found a shimmering altar of Xom.
  2253 | D:3      | Found a bloodstained altar of Trog.
  2271 | D:3      | Reached XP level 5. HP: 39/46 MP: 5/5
  2836 | D:4      | Reached skill level 5 in Axes
  3039 | D:4      | Reached XP level 6. HP: 41/53 MP: 6/6
  3155 | D:4      | Noticed a necrophage
  3180 | D:4      | Killed a necrophage
  3181 | D:4      | Reached skill level 6 in Axes
  3520 | D:5      | Entered Level 5 of the Dungeon
  3628 | D:5      | Reached XP level 7. HP: 54/60 MP: 7/7
  3674 | D:5      | Reached skill level 7 in Axes
  3793 | D:5      | Reached skill level 1 in Dodging
  4067 | D:5      | Reached skill level 5 in Fighting
  4069 | D:5      | Reached skill level 5 in Shields
  4075 | D:5      | HP: 1/61 [something/magic dart (4)]
  4076 | D:5      | Killed from afar by an orc wizard

Illustrated notes

Levels and vault maps discovered:
D:1:      dpeg_arrival_simpleton_c, layout_rooms, corner_web_ring,
          hangedman_glass_garden
D:2:      layout_rooms, hellmonk_ecumenical_altar_run_dry, uniq_robin
D:3:      layout_basic, doesnt_xom_only_xom
D:4:      layout_basic, minivault_19, minmay_misc_feat_ornament,
          minmay_joined_circles
D:5:      layout_cave_pools, minmay_temple_entry_overgrown,
          grunt_decor_resistance, minmay_fire_ice_demons
D:6:      layout_rooms, uniq_pikel

Skill      XL: |  1  2  3  4  5  6  7 |
---------------+----------------------+-----
Axes           | 3 4 5 6 7 |  7.4
Armour         | 4 |  4.7
Fighting       | 4 5 |  5.0
Shields        | 4 5 |  5.0
Dodging        | 1 |  1.1

Action                   |  1- 3 |  4- 6 |  7- 9 || total
-------------------------+-------+-------+-------++-------
Melee: War axe           |    91 |   150 |    30 ||   271
  Use: Scroll            |     1 |     6 |       ||     7
       Potion            |     1 |       |     1 ||     2
Armor: Scale mail        |    63 |    27 |       ||    90
       Leather armour    |       |    23 |    21 ||    44
Dodge: Dodged            |    59 |    67 |    10 ||   136
Block: Buckler           |    32 |    22 |       ||    54
       Kite shield       |       |    77 |    30 ||   107
       Reflection        |       |     7 |     1 ||     8

Table legend: (Time is in decaauts)
 A = Elapsed time spent in this place.
 B = Non-inter-level travel time spent in this place.
 C = Inter-level travel time spent in this place.
 D = Time resting spent in this place.
 E = Time spent auto-exploring this place.
 F = Levels seen in this place.
 G = Mean time per level.
                   A        B        C        D        E       F      G
               +--------+--------+--------+--------+--------+-----+--------+
         Total |   4180 |   3948 |    232 |    553 |     53 |   6 |  696.7 |
       Dungeon |   4180 |   3948 |    232 |    553 |     53 |   6 |  696.7 |
               +--------+--------+--------+--------+--------+-----+--------+

Top non-repeatable levels by time:
     D:4: 1144 daAuts
     D:3: 1111 daAuts
     D:1: 772 daAuts
     D:2: 576 daAuts
     D:5: 571 daAuts
     D:6: 3 daAuts
